 Dungeon Crawl Stone Soup version 0.31.0-11-ge490571c62 (webtiles) character file.

Game seed: 5502244383622980336

32 mandarbmax the Cutter (level 3, -2/23 HPs)
             Began as a Kobold Fighter on Feb 5, 2024.
             Was a Believer of Jiyva.
             Killed from afar by Ijyb (8 damage)
             ... with a puff of flame
             ... on level 3 of the Dungeon.
             The game lasted 00:03:42 (1523 turns).

mandarbmax the Cutter (Kobold Fighter)              Turns: 1523, Time: 00:03:43

Health: -2/23      AC:  8    Str: 13    XL:     3   Next: 45%
Magic:  3/3        EV: 10    Int:  9    God:    Jiyva [**....]
Gold:   70         SH:  5    Dex: 16    Spells: 2/2 levels left

rFire   . . .        a - +0 rapier
rCold   . . .        c - +0 buckler
rNeg    . . .        j - +2 scale mail {Will+}
rPois   .            (no helmet)
rElec   .            (no cloak)
rCorr   +            (no gloves)
SInv    .            (no boots)
Will    +....        (no amulet)
Stlth   +            (no ring)
HPRegen 1.19/turn    (no ring)
MPRegen 0.56/turn

%: no passive effects
@: no status effects
A: small, no large weapons, nightstalker 3
a: Renounce Religion


You were on level 3 of the Dungeon.
You worshipped Jiyva.
Jiyva was pleased with you.
You visited 1 branch of the dungeon, and saw 3 of its levels.

You collected 70 gold pieces.

Inventory:

Hand Weapons
 a - a +0 rapier (weapon)
Missiles
 g - a throwing net (quivered)
Armour
 c - a +0 buckler (worn)
 j - a +2 scale mail of willpower (worn)
Scrolls
 b - 2 scrolls of identify {unknown}
 e - a scroll of noise {unknown}
 h - 4 scrolls of enchant weapon {unknown}
 i - a scroll of teleportation {unknown}
Potions
 d - a potion of might
 f - a potion of resistance {unknown}
 k - a potion of curing {unknown}


   Skills:
 + Level 3.3 Fighting
 + Level 4.6 Short Blades
 + Level 2.4 Armour
 + Level 0.2 Dodging
 + Level 2.4 Shields


You had 2 spell levels left.
You didn't know any spells.
Your spell library was empty.

Dungeon Overview and Level Annotations

Branches:
Dungeon (3/15)

Altars:
Jiyva

Shops:
D:1 *

Annotations:
D:3 Ijyb


Innate Abilities, Weirdness & Mutations

You are small and have problems with some larger weapons.
You are completely attuned to the shadows.


Message History

Ijyb shouts!
Ijyb screams, "Die!"
Ijyb zaps a wand.
The puff of flame hits you! Ijyb closely misses you.
You barely miss Ijyb.
Ijyb zaps a wand.
The puff of flame hits you.
You hit Ijyb.
Ijyb is moderately wounded.
Ijyb hits you with a +0 dagger.
You closely miss Ijyb.
Ijyb is moderately wounded.
Ijyb barely misses you.
You hit Ijyb.
Ijyb is heavily wounded.
Ijyb hits you but does no damage.
You hit Ijyb but do no damage.
Ijyb is heavily wounded.
Ijyb screams, "Get away!"
Ijyb hits you with a +0 dagger.
You hit Ijyb but do no damage.
Ijyb is heavily wounded.
Ijyb hits you but does no damage.
You hit Ijyb.
Ijyb is heavily wounded.
Ijyb hits you but does no damage.
You hit Ijyb but do no damage.
Ijyb is heavily wounded.
Ijyb zaps a wand.
The puff of flame hits you!
You closely miss Ijyb.
Ijyb is heavily wounded.
Ijyb zaps a wand.
The puff of flame hits you!
* * * LOW HITPOINT WARNING * * *
You are too injured to fight recklessly!
You are too injured to fight recklessly!
You are too injured to fight recklessly!
You are too injured to fight recklessly!
You are too injured to fight recklessly!
You barely miss Ijyb.
Ijyb is heavily wounded.
Ijyb zaps a wand.
The puff of flame hits you!
You die...

#...# #
#...# #.
+...#
#.###..g#
#....#@#
#......#
#..#######
#........#
##.#####.#
#.#<....###
#.#..#......
#.#..#.#####
#.#..#.....#


You could see Ijyb.

Vanquished Creatures
  An adder (D:2)
  A ribbon worm (D:2)
  2 dart slugs (D:1)
  3 bats
  An endoplasm (D:1)
  A goblin (D:2)
  A hobgoblin (D:1)
  A quokka (D:1)
  A ball python (D:1)
  A frilled lizard (D:1)
  2 kobolds
  3 rats (D:2)
18 creatures vanquished.

Vanquished Creatures (others)
  A dart slug (D:2)
  A ribbon worm (D:2)
  A goblin (D:1)
  4 hobgoblins
  2 kobolds (D:2)
  2 bats (D:2)
  2 frilled lizards (D:1)
  A rat (D:1)
14 creatures vanquished.

Grand Total: 32 creatures vanquished

Notes
Turn   | Place    | Note
-------+----------+-------------------------------------------
     0 | D:1      | mandarbmax the Kobold Fighter began the quest for the Orb.
     0 | D:1      | Reached XP level 1. HP: 14/14 MP: 1/1
   137 | D:1      | Reached skill level 3 in Short Blades
   259 | D:1      | Found a faded altar of an unknown god.
   277 | D:1      | Prayed at the altar of an unknown god.
   277 | D:1      | Became a worshipper of Jiyva Jounn the Shapeless
   277 | D:1      | Reached * piety under Jiyva
   294 | D:1      | Reached XP level 2. HP: 19/19 MP: 2/2
   298 | D:1      | Found Neank's General Store.
   679 | D:1      | Reached skill level 4 in Short Blades
   837 | D:1      | Reached ** piety under Jiyva
  1041 | D:2      | Reached XP level 3. HP: 23/23 MP: 3/3
  1511 | D:3      | Noticed Ijyb
  1523 | D:3      | Killed from afar by Ijyb

Illustrated notes

Levels and vault maps discovered:
D:1:      saegor_arrival_simple_e, layout_basic, serial_shops,
          nicolae_shop_rolling_square, ebering_ecumenical_altar_hall
D:2:      layout_rooms
D:3:      layout_basic, serial_shops, nicolae_shop_back_alley_shop,
          hellmonk_no_cap, uniq_sigmund, uniq_ijyb, uniq_natasha

Skill      XL: |  1  2 |
---------------+-------+-----
Short Blades   | 3 4 |  4.6
Fighting       | |  3.3
Armour         | |  2.4
Dodging        | |  0.2
Shields        | |  2.4

Action                     || total
---------------------------++-------
  Melee: Rapier            ||    73
   Stab: Sleeping          ||     1
 Armour: Scale mail        ||    45
  Dodge: Dodged            ||    22
  Block: Buckler           ||    14
